AoeStats
← dean03110206

Arabia

504230757Analyzed
4v4 RM · 27d ago on Sep 4, 2026· 37m 14s· 8 players
Game mode
Random Map
Map size
Large (8 player)
Population
200
Speed
Normal
Resources
Standard
Victory
Conquest
Starting age
Dark Age
Ending age
Imperial Age
RankedLock teamsTeams togetherTeam positionsShared explorationLock speedFull tech treeHidden civsTurbo modeCheats
Victory
Defeat
🇺🇸 Wei · United States
1113
+13
🇨🇳 Franks · China
1092
+14
🇨🇳 Ethiopians · China
1082
+14
🇨🇳 Romans · China
1008
+17
🇹🇭 Magyars · Thailand
1062
-16
🇨🇳 Italians · China
1059
-15
🇹🇼 Celts · Taiwan
1029
-14
🇩🇪 Mongols · Germany
1018
-13
SB 打碎小粉紅
5:26 Loom
12:01 Feudal Age
13:47 Wheelbarrow
17:22 Castle Age
15:23 Double-Bit Axe
22:05 Bloodlines
25:30 Scale Barding Armor
Hidden
11:27 Feudal Age
17:51 Castle Age
18:39 Forging
20:33 Scale Barding Armor
20:41 Husbandry
21:47 Loom
27:50 Bloodlines
28:54 Fletching
dean03110206
0:37 Loom
12:29 Feudal Age
17:08 Castle Age
17:19 Padded Archer Armor
18:24 Fletching
18:59 Elite Skirmisher
19:36 Pikeman
32:42 Imperial Age
30:31 Scale Mail Armor
31:21 Bodkin Arrow
273204066
1:25 Loom
11:15 Feudal Age
11:58 Double-Bit Axe
17:45 Padded Archer Armor
21:53 Fletching
24:24 Horse Collar
矮脚虎王英
5:41 Loom
6:15 Loom
9:30 Feudal Age
10:32 Double-Bit Axe
21:36 Castle Age
20:18 Gold Mining
20:17 Horse Collar
22:16 Bloodlines
22:27 Husbandry
23:20 Bow Saw
24:07 Gold Shaft Mining
25:57 Scale Barding Armor
28:57 Chain Barding Armor
28:48 Forging
34:09 Iron Casting
摸着天杜迁
7:18 Loom
10:12 Feudal Age
11:49 Double-Bit Axe
17:02 Scale Barding Armor
20:24 Wheelbarrow
23:53 Castle Age
22:25 Forging
25:40 Gold Mining
26:15 Husbandry
26:44 Chain Barding Armor
26:38 Bow Saw
27:05 Gold Shaft Mining
30:39 Iron Casting
31:20 Hand Cart
打虎将李忠
9:13 Loom
11:22 Feudal Age
11:32 Man-at-Arms
12:56 Loom
15:54 Scale Mail Armor
17:16 Double-Bit Axe
17:14 Horse Collar
24:41 Castle Age
神行太保戴宗
10:39 Feudal Age
11:32 Loom
11:59 Double-Bit Axe
13:51 Horse Collar
14:10 Fletching
18:36 Padded Archer Armor
23:56 Castle Age
23:01 Gold Mining
23:58 Crossbowman
24:34 Bodkin Arrow
25:45 Wheelbarrow
28:06 Leather Archer Armor
34:12 Ballistics
37:06 Imperial Age
34:53 Hand Cart
34:52 Bow Saw
Connection lost

Rejoining the realm…

Still unreachable

The connection could not be restored.

Session expired

The server has moved on; the page needs a fresh start.